Cogmind - Beta 10.1 --- EXPLORER MODE // 2020.10.22 @ 13:10:52 Player: Veritas Result: Self-destructed Performance ------------- Evolutions (1) 500 Regions Visited (3) 600 Robots Destroyed (10) 50 Value Destroyed (232) 232 Prototype IDs (3) 60 Alien Tech Used (0) 0 Bonus (0) 0 TOTAL SCORE: 1442 Bonus ------- None Cogmind --------- Core Integrity 130/400 Matter 300/300 Energy 100/100 System Corruption 0% Temperature Cool (0) Movement Core (150) Ox2 Location -9/Mines Parts ------- > --- POWER (1) -------- (None) > --- PROPULSION (4) --- (None) > --- UTILITY (3) ------ Medium Storage Unit Targeting Computer > --- WEAPON (2) ------- (None) > --- INVENTORY (8) ---- Light Ion Engine Experimental Sensor Array Signal Interpreter EM Pulse Gun Peak State ------------ > --- POWER ------------ Improved Ion Engine > --- PROPULSION ------- Aluminum Leg Aluminum Leg Aluminum Leg Improved Aluminum Leg > --- UTILITY ---------- Medium Storage Unit Targeting Computer > --- WEAPON ----------- EM Pulse Gun Light Assault Rifle > --- INVENTORY -------- Ion Engine Light Ion Engine Aluminum Leg Experimental Sensor Array Signal Interpreter [Rating: 12] Favorites ----------- Power Improved Ion Engine Engine Improved Ion Engine Propulsion Aluminum Leg Leg Aluminum Leg Utility Medium Storage Unit Storage Medium Storage Unit Processor Targeting Computer Weapon EM Pulse Gun Energy Gun EM Pulse Gun Ballistic Gun Light Assault Rifle Build | -11 -10 -9 -9 ------- Run | Scr Mat Mat Min Slots Evolved 3 | . 1 2 . Power . | . . . . Propulsion 2 | . . 2 . Utility 1 | . 1 . . Weapon . | . . . . Parts Attached 15 | 7 2 1 5 Power 3 | 1 . 1 1 Engine 3 | 1 . 1 1 Core . | . . . . Reactor . | . . . . Propulsion 6 | 2 1 . 3 Treads . | . . . . Leg 6 | 2 1 . 3 Wheel . | . . . . Hover . | . . . . Flight . | . . . . Utility 2 | 2 . . . Device . | . . . . Storage 1 | 1 . . . Processor 1 | 1 . . . Hackware . | . . . . Protection . | . . . . Artifact . | . . . . Weapon 4 | 2 1 . 1 Energy Gun 3 | 2 1 . . Energy Cannon . | . . . . Ballistic Gun 1 | . . . 1 Ballistic Cannon . | . . . . Launcher . | . . . . Special Weapon . | . . . . Impact Weapon . | . . . . Slashing Weapon . | . . . . Piercing Weapon . | . . . . Special Melee Weapon . | . . . . Unidentified Prototypes . | . . . . Parts Lost 8 | . . . 8 Power 2 | . . . 2 Propulsion 4 | . . . 4 Utility . | . . . . Weapon 2 | . . . 2 Highest Loss Streak 8 | . . . 8 Average Slot Usage (%) 79 | . 87 70 80 Engine 10 | . 12 10 10 Leg 27 | . 25 20 31 Storage 10 | . 12 10 10 Processor 10 | . 12 10 10 Energy Gun 17 | . 25 20 13 Ballistic Gun 2 | . . . 4 Naked Turns . | . . . . Heaviest Build 19 | 15 15 19 19 Greatest Support 43 | 20 20 20 43 Greatest Overweight (x) 4 | 1 1 . 4 Average Overweight (x) . | . . . . Largest Inventory Capacity 8 | 8 8 8 8 Average Capacity 7 | 7 8 8 8 Most Carried 5 | 2 2 3 5 Average Carried 2 | 1 2 2 3 Final Capacity 8 | 8 8 8 8 Final Carried 4 | 2 2 3 4 Class Distribution -------------------- 100% | Hacker-Mutant Dominant Class ---------------- Hacker-Mutant | -10/Materials Hacker-Mutant | -9/Materials Hacker-Mutant | -9/Mines Resources | -11 -10 -9 -9 ----------- Run | Scr Mat Mat Min Matter Collected 333 | 187 83 30 33 Remotely . | . . . . Salvage Created 329 | . 160 120 49 Parts 20 | . 8 10 2 Haulers Intercepted . | . . . . Recyclers Shooed . | . . . . Parts Field Recycled . | . . . . Retrieved Matter . | . . . . Parts Self-Destructed . | . . . . Prevented . | . . . . Kills | -11 -10 -9 -9 ------- Run | Scr Mat Mat Min Combat Hostiles Destroyed 10 | . 5 2 3 Guns 7 | . 3 1 3 AOE 2 | . 2 . . Classes Destroyed 4 | . 2 1 1 Swarmer 4 | . 2 . 2 Grunt 3 | . 3 . . Sentry 2 | . . 2 . Assembled 1 | . . . 1 Best Kill Streak 3 | . 3 1 2 Combat Bots Only 3 | . 3 1 2 Max Kills in Single Turn 2 | . 2 1 1 Gunslinging 1 | . 1 . . Exploded 1 | . 1 . . Melee . | . . . . Uniques/NPCs Destroyed . | . . . . Combat | -11 -10 -9 -9 -------- Run | Scr Mat Mat Min Damage Taken 949 | . 63 90 796 Core 270 | . . 19 251 Absorbed by Shields . | . . . . Core Remaining (%) 100 | 100 100 . . Volleys Fired 34 | . 12 7 15 Largest 2 | . 2 2 2 Hottest 80 | . 80 80 80 Shots Fired 68 | . 24 14 30 Gun 68 | . 24 14 30 Cannon . | . . . . Launcher . | . . . . Special . | . . . . Kinetic 13 | . . . 13 Thermal . | . . . . Explosive . | . . . . Electromagnetic 55 | . 24 14 17 Robot Hit Streak 26 | . 9 8 26 Robot Miss Streak 1 | . 1 1 1 Penetration Max . | . . . . Secondary Targets 1 | . 1 . . Max Gunslinging Chain 1 | . 1 . . Shots Hit Robots 60 | . 20 13 27 Core Hits 16 | . 6 2 8 Critical Hits 1 | . . . 1 Critical Kills . | . . . . Critical Parts Destroyed 1 | . . . 1 Melee Attacks . | . . . . Impact . | . . . . Slashing . | . . . . Piercing . | . . . . Sneak Attacks . | . . . . Combat Hostiles . | . . . . Follow-up Attacks . | . . . . Damage Inflicted 721 | . 306 139 276 Guns 615 | . 200 139 276 Cannons . | . . . . Explosions 106 | . 106 . . Melee . | . . . . Ramming . | . . . . Kinetic 97 | . . . 97 Thermal 106 | . 106 . . Explosive . | . . . . Electromagnetic 518 | . 200 139 179 Impact . | . . . . Slashing . | . . . . Piercing . | . . . . Highest Corruption . | . . . . Average Corruption . | . . . . Corruption Purged . | . . . . Overload Shots . | . . . . Overflow Damage . | . . . . Projectiles . | . . . . Explosions . | . . . . Melee . | . . . . Knockbacks . | . . . . Impact . | . . . . Kinetic . | . . . . Secondary . | . . . . Self-Inflicted Damage 16 | . 16 . . Shots 1 | . 1 . . Rammed . | . . . . Targets Rammed . | . . . . Kicked . | . . . . Crushed . | . . . . Highest Temperature 144 | . 144 63 32 Average Temperature 34 | . 52 30 13 Received Heat Transfer 51 | . 6 45 . Siege Activations . | . . . . Robots Corrupted 1 | . . 1 . Combat Hostiles 1 | . . 1 . Parts Fried 2 | . . 1 1 Impact Corruptions . | . . . . Robots Melted . | . . . . Combat Hostiles . | . . . . Parts Melted . | . . . . Heat Transferred 150 | . 150 . . Parts Sabotaged . | . . . . Parts Stolen . | . . . . Parts Stripped . | . . . . Power Chain Reactions 2 | . 2 . . Missiles Intercepted . | . . . . Alert | -11 -10 -9 -9 ------- Run | Scr Mat Mat Min Peak Influence 147 | . 147 138 87 Initial 44 | . . 44 37 Average 60 | . 70 81 56 Maximum Alert Level . | . . . . Low Security (%) 100 | 100 100 100 100 Level 1 . | . . . . Level 2 . | . . . . Level 3 . | . . . . Level 4 . | . . . . Level 5 . | . . . . High Security . | . . . . Max Security . | . . . . Squads Dispatched 1 | . 1 . . Investigation 1 | . 1 . . Extermination . | . . . . Reinforcement . | . . . . Assault . | . . . . Garrison . | . . . . Intercept . | . . . . Construction Impeded . | . . . . Haulers Reinforced . | . . . . Stealth | -11 -10 -9 -9 --------- Run | Scr Mat Mat Min Distress Signals . | . . . . Communications Jammed . | . . . . Distress Signals . | . . . . Times Spotted 29 | . 6 4 19 Peak Tracking Total 9 | . 3 5 9 Tactical Retreats 1 | . 1 . . Traps | -11 -10 -9 -9 ------- Run | Scr Mat Mat Min Traps Triggered 1 | . 1 . . Indirectly . | . . . . Trap Hack Attempts . | . . . . Triggered . | . . . . Disarmed . | . . . . Reprogrammed 6 | . 6 . . Reused . | . . . . Traps Extracted . | . . . . Installed . | . . . . Triggered 1 | . 1 . . Machines | -11 -10 -9 -9 ---------- Run | Scr Mat Mat Min Machines Disabled . | . . . . Max in Single Turn . | . . . . Machines Sabotaged . | . . . . Garrisons Compromised . | . . . . Overloaded Fab Kills . | . . . . Fab Network Shutdowns . | . . . . Hacking | -11 -10 -9 -9 --------- Run | Scr Mat Mat Min Machines Accessed 4 | . 2 2 . Terminals 4 | . 2 2 . Fabricators . | . . . . Repair Stations . | . . . . Recycling Units . | . . . . Scanalyzers . | . . . . Garrison Access . | . . . . Total Hacks 14 | . 7 7 . Successful 10 | . 3 7 . Failed 4 | . 4 . . Catastrophic 1 | . 1 . . Database Lockouts . | . . . . Manual 4 | . 4 . . Terminals 14 | . 7 7 . Fabricators . | . . . . Repair Stations . | . . . . Recycling Units . | . . . . Scanalyzers . | . . . . Garrison Access . | . . . . Terminal Hacks 10 | . 3 7 . Prototype ID Bank 2 | . 1 1 . Level Access Points 1 | . . 1 . Emergency Access Points 1 | . . 1 . Alert Level 1 | . . 1 . Locate Traps 1 | . 1 . . Reprogram Traps 1 | . 1 . . Registered Prototypes 1 | . . 1 . Zone Layout 2 | . . 2 . Fabricator Hacks . | . . . . Repair Station Hacks . | . . . . Recycling Unit Hacks . | . . . . Scanalyzer . | . . . . Garrison Access Hacks . | . . . . Unauthorized Hacks . | . . . . Terminals . | . . . . Fabricators . | . . . . Repair Stations . | . . . . Recycling Units . | . . . . Scanalyzers . | . . . . Garrison Access . | . . . . Data Cores Recovered . | . . . . Used . | . . . . Hacking Detections 4 | . 2 2 . Full Trace Events 1 | . 1 . . Feedback Events . | . . . . Feedback Blocked . | . . . . Robot Schematics Acquired . | . . . . Robots Built . | . . . . Matter . | . . . . Time . | . . . . Total Robot Build Rating . | . . . . Part Schematics Acquired . | . . . . Parts Built . | . . . . Matter . | . . . . Time . | . . . . Total Part Build Rating . | . . . . Parts Repaired . | . . . . Time . | . . . . Parts Recycled . | . . . . Recycled Matter . | . . . . Retrieved Matter . | . . . . Retrieved Components . | . . . . Parts Scanalyzed . | . . . . Part Schematics Acquired . | . . . . Parts Damaged . | . . . . Bothacking | -11 -10 -9 -9 ------------ Run | Scr Mat Mat Min Used RIF Installer . | . . . . Robots Hacked . | . . . . Non-combat . | . . . . Combat . | . . . . Robot Hacks Applied . | . . . . Relay Couplers Released . | . . . . Robots Rewired . | . . . . Allies Hacked . | . . . . Hacks Repelled . | . . . . Allies | -11 -10 -9 -9 -------- Run | Scr Mat Mat Min Total Allies . | . . . . Largest Group . | . . . . Highest-Rated Group . | . . . . Highest-Rated Ally . | . . . . Total Orders . | . . . . Ally Attacks . | . . . . Total Damage . | . . . . Kills . | . . . . Allies Corrupted . | . . . . Allies Melted . | . . . . Intel | -11 -10 -9 -9 ------- Run | Scr Mat Mat Min Robot Analysis Total . | . . . . Derelict Logs Recovered . | . . . . Drone Launches . | . . . . Drone Recoveries . | . . . . Exploration | -11 -10 -9 -9 ------------- Run | Scr Mat Mat Min Turns Passed 917 | 64 198 189 466 Spaces Moved 653 | 40 133 138 342 Core 6 | 4 . . 2 Treads . | . . . . Legs 647 | 36 133 138 340 Wheels . | . . . . Hover . | . . . . Flight . | . . . . Fastest Speed 50 | 50 120 120 120 Average Speed 120 | 121 120 120 120 Slowest Speed 250 | 150 150 120 250 Overloaded Moves . | . . . . Propulsion Burnouts . | . . . . Robots Hopped . | . . . . Cave-ins Triggered . | . . . . Exploration Rate (%) 27 | 3 24 16 68 Regions Visited 3 Branch Regions 1 Pre-discovered Areas . | . . . . Known Exits Taken 3 | 1 1 1 . Unknown Exits Taken . | . . . . Scrap Searched . | . . . . Spaces Dug . | . . . . Terrain Destroyed 4 | . 4 . . Melee . | . . . . Projectile . | . . . . AOE 4 | . 4 . . Terrain Rammed . | . . . . Walls Destroyed . | . . . . Machines Disabled . | . . . . Actions | -11 -10 -9 -9 --------- Run | Scr Mat Mat Min Total 712 | 52 146 147 367 Wait 4 | 4 . . . Move 650 | 39 132 137 342 Hop . | . . . . Pick Up 6 | 2 . 1 3 Fast Attach 11 | 7 2 . 2 Attach 2 | . . . 2 Detach . | . . . . Swap 2 | . . 1 1 Drop 3 | . . 1 2 Fire 34 | . 12 7 15 Melee . | . . . . Ram . | . . . . Kick . | . . . . Crush . | . . . . Escape Stasis . | . . . . Rewire . | . . . . Trap . | . . . . Miscellaneous . | . . . . Route ------- -11/Scrapyard -10/Materials -9/Materials (discovered 4 exits: Mat x3 / *Min) -9/Mines (discovered 1 exit: *Mat) History --------- Turn | Location | Event 22 | -11/Scrapyard | Identified exit to Materials 22 | -11/Scrapyard | Discovered exit to Materials (range 15) 65 | -11/Scrapyard | Entered Materials 65 | -10/Materials | Evolved 1 slot: Utility x1 199 | -10/Materials | Identified exit to Materials 199 | -10/Materials | Discovered exit to Materials (range 15) 263 | -10/Materials | Entered another Materials area 263 | -9/Materials | Evolved 2 slots: Propulsion x2 316 | -9/Materials | Build established: Hacker-Mutant 349 | -9/Materials | Identified exit to Materials 373 | -9/Materials | Identified exit to Mines 373 | -9/Materials | Discovered exit to Mines (range 14) 452 | -9/Materials | Entered Mines 550 | -9/Mines | Found a damaged Exp. Sensor Array with a note attached 552 | -9/Mines | Found Prototype Device 619 | -9/Mines | Discovered exit to Materials (range 7) 834 | -9/Mines | Assembled infested the area 914 | -9/Mines | Core integrity fell below 50% 918 | -9/Mines | Self-destructed Last Messages --------------- 00892_ Aluminum Leg destroyed. 00892_ D-53 Grenadier destroyed. 00895_ YI-UF0 mumbles something. 00895_ Imp. Ion Engine destroyed. 00896_ The unstable cave ceiling collapses. 00897_ YI-UF0: "BOOSH!" 00897_ as-48683 destroyed. 00897_ Critical hit. 00897_ Aluminum Leg destroyed. 00899_ The unstable cave ceiling collapses. 00901_ YI-UF0 mumbles something. 00902_ The unstable cave ceiling collapses. 00907_ R-06 Scavenger destroyed. 00908_ Acquired EM Pulse Gun. 00909_ Acquired 13 matter. 00911_ The unstable cave ceiling collapses. 00913_ Imp. Aluminum Leg destroyed. 00914_ The unstable cave ceiling collapses. 00918_ U-05 Engineer lays Concrete. 00918_ Ion Engine destroyed. Map ----- +----------------------------------------------------+ | ??## ##?# #???????????????# #####???????????? | | ???####??# #???????????????# ##??????????? | | ??????#### #??????????????## #??????????? | | ??????# #?????????????## #??????????? | | ??????# ########?????????# ##??????????? | | ??????# #??## ##???????## ### #???????????? | | ????# #?## ##?###### ##??## #???????????? | | ??# ### ### ##???? #???????????? | | # ## #????? ## #????????? | | < """ ##### #????????? | | """ =% ##??????????? | | """ #### =%## ###### #???????????? | | ???## #### ##???????#???????????? | | ######????## ### #??#####????????????????????? | | #?????????####?## #???????????????????????????? | | #???????????????## #???????????????????????????? | | #####????????????# #???????????????????????????? | | #????????????# ###???#######???????????????? | | #????????????# % ##### ##??????????????? | | ### #????????????# u #??????????????? | | ??# #??????????##### ##### #??????????????? | | ?## #???????#?## # #### ##??????????????? | | ## #????#### ## # ##???????????????? | | # ##???# #### ##????????????????? | | #?#### % #?????????????????? | | ### @ #?????????????????? | | ## ##?????????????????? | | # ##??????????????????? | | a a #???????????????????? | | ga #### ##???????????????????? | | !%= #??? ##????????????????????? | | # = #????? ##?????????????????????? | | # # ##???# #??????????????????????? | | ## # #???## ##??????????????????????? | | ?# # % #????##????????????????????????? | | ?## #?????????????????????????????? | | ??# # # #?????????????????????????????? | | ?## ##?????????????????????????????? | | ## ## # #??????????????????????????????? | | # ######## #??????????????????????????????? | | # #??????## ##??????????????????????????????? | | ## ##???????? #??????????????????????????????? | | ?# #?????????# ##??????????????????????????????? | | ?# #????????? ???????????????????????????????? | | ?# #???????????# ??????????????????????????????? | | ?# #????????????????????????????????????????????? | | ?# #????????????????????????????????????????????? | | ?# #????????????????????????????????????????????? | | ## #????????????????????????????????????????????? | | #????????????????????????????????????????????? | +----------------------------------------------------+ Best States ------------- Heat Dissipation 28 Energy Generation 12 Energy Capacity 265 Matter Stores 300 Matter Capacity 300 Sight Range 16 Terrain Scan Density 10 Resistance: KI 35 Resistance: TH 35 Resistance: EX 35 Resistance: EM 35 Resistance: I 35 Resistance: S 35 Resistance: P 35 Evasion (%) 40 Targeting Accuracy 5 Offensive Hacking 20 Item Schematics ----------------- None Robot Schematics ------------------ None Fabricated ------------ Nothing Alien Tech Used ----------------- None Achievements -------------- None Challenges ------------ None Game ------ Seed RocketMolecularSink Manual? 0 Play Time 00:15:55 Cumulative 20.9 hours Start 2020.10.22 @ 12:58:04 End 2020.10.22 @ 13:10:52 Sessions 1 Manual Loads 0 Difficulty Explorer Special Mode None Game No. 20 Rogue 6 Adventurer 2 Explorer 12 Win Type - Total 0 Types 0/0/0/0/0/0/0/0/0 Lore% 16 Gallery% 30 Achievement% 26 Wizard Run 0 Options --------- ASCII 0 Keyboard 0 Movement Mouse Keybinds 0 Fullscreen 1 Font 18/SmallcapsGlow Map View 76x50 Tactical HUD 1 Map Filters NONE Filters NONE Steam 1 RUN: f8844c41-ce9e-479a-9ccb-ead5b356054d